 Dungeon Crawl Stone Soup version 0.28.0-45-g0d030f2227 (webtiles) character file.

Game seed: 2572077671427269789

161 Ablot the Cutter (level 5, -3/47 HPs)
             Began as a Gnoll Chaos Knight on Apr 15, 2022.
             Was a Plaything of Xom.
             Slain by a kobold brigand
             ... wielding a +0 short sword
              (5 damage)
             ... in a sewer.
             The game lasted 00:03:46 (2158 turns).

Ablot the Cutter (Gnoll Chaos Knight)               Turns: 2158, Time: 00:03:47

Health: -3/47      AC:  4    Str: 14    XL:     5   Next: 42%
Magic:  7/7        EV: 12    Int: 11    God:    Xom [....*.]
Gold:   85         SH:  0    Dex: 11    Spells: 6/6 levels left

rFire   . . .      SeeInvis .   a - +0 short sword (chaos)
rCold   + . .      Faith    .   (no shield)
rNeg    + . .      Spirit   .   h - +2 robe {rN+}
rPois   .          Reflect  .   (helmet restricted)
rElec   .          Harm     .   (no cloak)
rCorr   .          Rampage  .   f - +0 pair of gloves
Will    .....                   (no boots)
Stlth   +.........              (no amulet)
HPRegen 0.15/turn               m - ring of protection from cold
MPRegen 0.10/turn               (no ring)

@: hasted, quick
A: fangs 1, strong nose, distributed training, hooves 1, horns 1, deformed body
a: Renounce Religion


You were in a sewer.
You worshipped Xom.
You were a beloved toy of Xom.
You visited 1 branch of the dungeon, and saw 3 of its levels.
You also visited: Sewer.

You collected 85 gold pieces.

Inventory:

Hand Weapons
 a - a +0 short sword of chaos (weapon)
Missiles
 d - 37 arrows
 e - 83 stones (quivered)
 l - 2 boomerangs
 n - 25 bolts
Armour
 f - a +0 pair of gloves (worn)
 h - a +2 robe of positive energy (worn)
 j - a +0 helmet
Jewellery
 m - a ring of protection from cold (left hand)
Scrolls
 b - a scroll of identify {unknown}
 c - 3 scrolls of teleportation {unknown}
 i - a scroll of summoning {unknown}
Potions
 g - a potion of haste
 k - a potion of might {unknown}


   Skills:
 + Level 6.7 Fighting
 + Level 6.7 Short Blades
 + Level 1.4 Long Blades
 + Level 1.4 Axes
 + Level 1.4 Maces & Flails
 + Level 1.4 Polearms
 + Level 1.4 Staves
 + Level 1.4 Slings
 + Level 1.4 Bows
 + Level 1.4 Crossbows
 + Level 1.4 Throwing
 + Level 4.8 Armour
 + Level 3.0 Dodging
 + Level 1.4 Stealth
 + Level 1.4 Shields
 + Level 1.4 Unarmed Combat
 + Level 1.4 Spellcasting
 + Level 1.1 Conjurations
 + Level 1.1 Hexes
 + Level 1.1 Summonings
 + Level 1.1 Necromancy
 + Level 1.1 Translocations
 + Level 1.1 Transmutations
 + Level 1.1 Fire Magic
 + Level 1.1 Ice Magic
 + Level 1.1 Air Magic
 + Level 1.1 Earth Magic
 + Level 1.1 Poison Magic
 + Level 1.6 Invocations
 + Level 1.4 Evocations


You had 6 spell levels left.
You didn't know any spells.
Your spell library contained the following spells:

 Spells                   Type           Power      Damage    Failure   Level
 Ignite Poison            Fire/Tmut/Pois 3%         N/A       50%         3
 Mephitic Cloud           Conj/Pois/Air  3%         N/A       50%         3
 Freezing Cloud           Conj/Ice/Air   1%         6-21      99%         5


Dungeon Overview and Level Annotations

Branches:
Dungeon (3/15)              Sewer (1/1)

Altars:
Gozag


Innate Abilities, Weirdness & Mutations

You have very sharp teeth.
Your uncanny sense of smell can sniff out nearby items.
Your experience applies equally to all skills.
You have large cloven feet.
You have a pair of small horns on your head.
Armour fits poorly on your strangely shaped body.


Message History

* * * LOW HITPOINT WARNING * * *
You hit the kobold brigand.
Your headbutt misses the kobold brigand.
Your bite misses the kobold brigand.
The kobold brigand is moderately wounded.
The kobold brigand hits you but does no damage.
Unknown command.
You closely miss the kobold brigand. Your kick misses the kobold brigand.
The kobold brigand is moderately wounded.
The kobold brigand closely misses you.
Your quasit closely misses the kobold brigand.
Your quasit splashes around in the water.
Your quasit barely misses the kobold brigand.
Unknown command.
You closely miss the kobold brigand.
Your headbutt misses the kobold brigand.
You bite the kobold brigand, but do no damage.
The kobold brigand is moderately wounded.
The kobold brigand hits you with a +0 short sword.
* * * LOW HITPOINT WARNING * * *
Your quasit bites the kobold brigand.
Your quasit misses the kobold brigand.
Your quasit claws the kobold brigand but does no damage.
The kobold brigand hits you with a +0 short sword.
* * * LOW HITPOINT WARNING * * *
Unknown command.
It was a potion of haste.
You feel yourself speed up.
Xom thinks this is hilarious!
Your quasit bites the kobold brigand but does no damage.
Your quasit closely misses the kobold brigand.
Your quasit claws the kobold brigand but does no damage.
The kobold brigand hits you but does no damage.
Unknown command.
You enter the shallow water.
Moving in this stuff is going to be slow.
The kobold brigand completely misses you.
Your quasit splashes around in the water.
Your quasit misses the kobold brigand.
Your quasit closely misses the kobold brigand.
The kobold brigand hits you with a +0 short sword.
You die...

### ## ############ #∩#
.###. #..≈≈...≈..###.###
#.K...#.≈≈≈≈≈...≈......##
#.....#.≈≈≈≈≈≈≈≈≈≈≈≈≈≈≈≈≈
#.....()≈≈≈≈≈≈≈≈≈≈≈≈≈≈≈≈≈
#.....#()≈≈≈≈≈≈≈≈≈≈≈≈≈≈≈≈
#..≈. #K5))≈≈≈≈≈.......##
#.≈≈ #.@≈....≈≈≈#######
##. #########≈## # #≈#
#≈# #≈# #≈# #≈# #≈# #≈#


You could see a kobold brigand (fast, ally target) and a friendly quasit
(summoned).

Vanquished Creatures
  Robin (D:2)
  3 adders (D:2)
  3 river rats (Sewer)
  2 worms (D:3)
  2 dart slugs (D:1)
  An orc (D:3)
  A ball python (D:1)
  5 bats
  6 endoplasms
  11 goblins
  8 hobgoblins
  5 jackals
  6 kobolds
  2 frilled lizards
  6 rats
62 creatures vanquished.

Vanquished Creatures (others)
  A kobold brigand (Sewer)
  A kobold (Sewer)
2 creatures vanquished.

Grand Total: 64 creatures vanquished

Notes
Turn   | Place    | Note
-------+----------+-------------------------------------------
     0 | D:1      | Ablot the Gnoll Chaos Knight began the quest for the Orb.
     0 | D:1      | Reached XP level 1. HP: 23/23 MP: 1/1
    59 | D:1      | Reached XP level 2. HP: 17/29 MP: 2/2
   477 | D:1      | XOM: divination: detect items
   511 | D:1      | XOM: silly message
   522 | D:1      | XOM: cloud trail
   534 | D:1      | Reached XP level 3. HP: 35/35 MP: 3/3
   797 | D:1      | XOM: give mutation
   797 | D:1      | Gained mutation: You have large cloven feet. [Xom's
                  | mischief]
   953 | D:2      | XOM: stealth player
  1031 | D:2      | Noticed Robin
  1054 | D:2      | Killed Robin
  1055 | D:2      | Reached skill level 1 in Invocations
  1064 | D:2      | Reached skill level 1 in Long Blades
  1064 | D:2      | Reached skill level 1 in Axes
  1064 | D:2      | Reached skill level 1 in Maces & Flails
  1064 | D:2      | Reached skill level 1 in Polearms
  1064 | D:2      | Reached skill level 1 in Staves
  1064 | D:2      | Reached skill level 1 in Slings
  1064 | D:2      | Reached skill level 1 in Bows
  1064 | D:2      | Reached skill level 1 in Crossbows
  1064 | D:2      | Reached skill level 1 in Throwing
  1064 | D:2      | Reached skill level 1 in Stealth
  1064 | D:2      | Reached skill level 1 in Shields
  1064 | D:2      | Reached skill level 1 in Unarmed Combat
  1064 | D:2      | Reached skill level 1 in Spellcasting
  1064 | D:2      | Reached skill level 1 in Evocations
  1105 | D:2      | Reached XP level 4. HP: 34/41 MP: 5/5
  1180 | D:2      | XOM: give mutations
  1180 | D:2      | Gained mutation: You have a pair of small horns on your
                  | head. [Xom's mischief]
  1180 | D:2      | Gained mutation: Armour fits poorly on your strangely
                  | shaped body. [Xom's mischief]
  1527 | D:2      | XOM: smoke on damage
  1649 | D:2      | Reached skill level 1 in Conjurations
  1649 | D:2      | Reached skill level 1 in Hexes
  1649 | D:2      | Reached skill level 1 in Summonings
  1649 | D:2      | Reached skill level 1 in Necromancy
  1649 | D:2      | Reached skill level 1 in Translocations
  1649 | D:2      | Reached skill level 1 in Transmutations
  1649 | D:2      | Reached skill level 1 in Fire Magic
  1649 | D:2      | Reached skill level 1 in Ice Magic
  1649 | D:2      | Reached skill level 1 in Air Magic
  1649 | D:2      | Reached skill level 1 in Earth Magic
  1649 | D:2      | Reached skill level 1 in Poison Magic
  1916 | D:3      | Found an opulent altar of Gozag.
  1952 | D:3      | Found a glowing drain.
  1985 | Sewer    | Entered a sewer
  1995 | Sewer    | Reached XP level 5. HP: 39/47 MP: 5/7
  2056 | Sewer    | XOM: noise
  2058 | Sewer    | XOM: enchant monster (bad)
  2111 | Sewer    | Noticed a kobold brigand
  2118 | Sewer    | XOM: destruction
  2121 | Sewer    | Killed a kobold brigand
  2142 | Sewer    | Noticed a kobold brigand
  2152 | Sewer    | XOM: summons friendly quasit
  2156 | Sewer    | HP: 2/47 [kobold brigand/+0 short sword (4)]
  2158 | Sewer    | Slain by a kobold brigand

Illustrated notes

Levels and vault maps discovered:
D:1:      elethiomel_arrival_shortcut, layout_loops_ring
D:2:      layout_basic, uniq_robin
D:3:      layout_basic, grunt_gozag_statues, gammafunk_temple_overflow_statue,
          cheibrodos_sewer_entry_bend, hangedman_abyss_or_decor_lesser_grid
Sewer:    sewer_kobolds

Skill      XL: |  1  2  3  4  5 |
---------------+----------------+-----
Invocations    | 1 |  1.6
Long Blades    | 1 |  1.4
Axes           | 1 |  1.4
Maces & Flails | 1 |  1.4
Polearms       | 1 |  1.4
Staves         | 1 |  1.4
Slings         | 1 |  1.4
Bows           | 1 |  1.4
Crossbows      | 1 |  1.4
Throwing       | 1 |  1.4
Stealth        | 1 |  1.4
Shields        | 1 |  1.4
Unarmed Combat | 1 |  1.4
Spellcasting   | 1 |  1.4
Evocations     | 1 |  1.4
Conjurations   | 1 |  1.1
Hexes          | 1 |  1.1
Summonings     | 1 |  1.1
Necromancy     | 1 |  1.1
Translocations | 1 |  1.1
Transmutations | 1 |  1.1
Fire Magic     | 1 |  1.1
Ice Magic      | 1 |  1.1
Air Magic      | 1 |  1.1
Earth Magic    | 1 |  1.1
Poison Magic   | 1 |  1.1
Dodging        | 3 |  3.0
Fighting       | |  6.7
Short Blades   | |  6.7
Armour         | |  4.8

Action                   |  1- 3 |  4- 6 || total
-------------------------+-------+-------++-------
Melee: Short sword       |   130 |    75 ||   205
       Bite              |     8 |     9 ||    17
       Kick              |    12 |    16 ||    28
       Punch             |     1 |     1 ||     2
       Headbutt          |       |     8 ||     8
Throw: Dart              |       |     2 ||     2
  Use: Potion            |       |     1 ||     1
 Stab: Sleeping          |       |     1 ||     1
Armor: Leather armour    |    19 |       ||    19
       Robe              |    29 |    13 ||    42
Dodge: Dodged            |    79 |    26 ||   105
